 Dungeon Crawl Stone Soup version 0.30-a0-304-gdc4b735fe1 (webtiles) character file.

Game seed: 2920046366423908609

3617 MrRokkomies the Covert (level 9, -4/84 HPs)
             Began as an Armataur Delver on Oct 20, 2022.
             Was a Follower of Uskayaw.
             Slain by a vampire (8 damage)
             ... on level 9 of the Dungeon.
             The game lasted 00:20:12 (7965 turns).

MrRokkomies the Covert (Armataur Delver)            Turns: 7965, Time: 00:20:12

Health: -4/84      AC: 10    Str: 17    XL:     9   Next: 86%
Magic:  14/14      EV: 11    Int: 12    God:    Uskayaw [*.....]
Gold:   332        SH:  0    Dex: 15    Spells: 8/8 levels left

rFire   . . .      SeeInvis .    a - +1 dagger (venom)
rCold   . . .      Faith    .    (no shield)
rNeg    . . .      Spirit   .    A - +2 robe {Will+}
rPois   .          Reflect  .    B - +1 helmet
rElec   .          Harm     .    (no cloak)
rCorr   +          Roll     +    G - +1 pair of gloves
Will    +....                    (no barding)
Stlth   ++++......               (no amulet)
HPRegen 0.34/turn                j - ring of resist corrosion
MPRegen 0.14/turn                J - ring of flight

@: about to teleport, flying
A: large, rugged brown scales 3, deformed body, armoured tail, roll, long
tongue, awkward tongue
a: Renounce Religion, Stomp


You were on level 9 of the Dungeon.
You worshipped Uskayaw.
Uskayaw was noncommittal.
You visited 1 branch of the dungeon, and saw 9 of its levels.

You collected 332 gold pieces.

Inventory:

Hand Weapons
 a - a +1 dagger of venom (weapon)
 b - a +2 dagger of holy wrath
 D - a +1 scimitar
 H - a +4 dagger
Missiles
 n - 6 javelins (quivered)
 z - 17 poisoned darts
Armour
 l - a +0 leather armour
 A - a +2 robe of willpower (worn)
 B - a +1 helmet (worn)
 G - a +1 pair of gloves (worn)
Jewellery
 j - a ring of resist corrosion (left hand)
 w - a ring of ice
 J - a ring of flight (right hand)
Wands
 g - a wand of digging (3)
 h - a wand of paralysis (3)
 m - a wand of mindburst (7)
 x - a wand of polymorph (9)
 E - a wand of flame (22)
 F - a wand of roots (4)
Scrolls
 c - a scroll of fog
 d - 2 scrolls of magic mapping
 e - 2 scrolls of fear
 i - 5 scrolls of enchant weapon
 q - a scroll of enchant armour
 y - a scroll of teleportation
Potions
 f - 2 potions of haste
 k - a potion of brilliance
 o - 3 potions of attraction
 t - a potion of lignification
 u - 2 potions of might
 v - a potion of resistance {unknown}
 I - 2 potions of cancellation


   Skills:
 * Level 7.2 Fighting
 + Level 6.7 Short Blades
 + Level 4.0 Dodging
 - Level 8.0 Stealth
 * Level 6.8 Invocations


You had 8 spell levels left.
You didn't know any spells.
Your spell library contained the following spells:

 Spells                   Type           Power      Damage    Failure   Level
 Blink                    Tloc           0%         N/A       45%         2
 Ensorcelled Hibernation  Hex/Ice        0%         N/A       45%         2
 Momentum Strike          Conj/Tloc      0%         3d8       45%         2
 Lesser Beckoning         Tloc           0%         N/A       69%         3
 Spider Form              Tmut/Pois      0%         N/A       69%         3
 Anguish                  Hex/Necr       0%         N/A       97%         4


Dungeon Overview and Level Annotations

Branches:
Dungeon (9/15)             Temple (0/1) D:6
   Lair: D:8-11         Orc: D:9-12

Altars:
Uskayaw

Shops:
D:3 *   D:5 [   D:6 *

Annotations:
D:4 3 runed translucent doors, Bnni's ghost, amateur OpBr


Innate Abilities, Weirdness & Mutations

You are completely covered in rugged brown scales. (AC +3, +7% HP)
Armour fits poorly on your strangely shaped body.
You have a long armoured tail.
You roll when moving toward enemies. (Rampage)
Your long tongue fully drains potion bottles. (2x potion effects)
Your tongue gives you trouble enunciating. (1.5x scroll delay)


Message History

Something bites you but does no damage. The kobold hits you but does no damage.
The kobold brigand hits you with a +0 short sword.
You closely miss something. You barely miss something.
You kill the kobold!
Something hits you! Something bites you but does no damage.
The kobold brigand hits you but does no damage.
You closely miss something. Something hits you.
Something bites you but does no damage.
The kobold brigand hits you with a +0 short sword.
You can no longer pass through a line of other dancers.
You hit something. You tail-slap something.
You can now pass through a line of other dancers.
You completely miss something.
Your tail-slap misses something.
Something hits you but does no damage. Something bites you but does no damage.
The kobold brigand hits you with a +0 short sword!
You barely miss something. Something hits you.
* * * LOW HITPOINT WARNING * * *
Something bites you!
* * * LOW HITPOINT WARNING * * *
Something draws strength from your injuries!
The kobold brigand closely misses you.
You closely miss something.
As you slowly read the scroll of fear, it crumbles to dust.
You assume a fearsome visage.
The kobold brigand looks frightened!
Something hits you.
* * * LOW HITPOINT WARNING * * *
Something bites you but does no damage. Something hits you but does no damage.
Something bites you.
* * * LOW HITPOINT WARNING * * *
Something draws strength from your injuries!
You can no longer pass through a line of other dancers.
Okay, then.
Unknown command.
Unknown command.
As you slowly read the scroll of teleportation, it crumbles to dust.
You feel strangely unstable.
You kill the kobold brigand!
Something hits you but does no damage. Something bites you!
You die...

.^........# ...
..........# ...#
..........#########...##
......##...............#
.....#..................
.###...............)....
##......................
#....##......##.)......#
.........>..##.@{....#
..............#.))....#
##..........(...........
...................#.
#..............##...
#............... ..
#.....<.......... .
##......#........#
##.#.###.......


There were no monsters in sight!

Vanquished Creatures
  A hornet (D:8)
  Sigmund (D:5)
  A wyvern (D:8)
  A steam dragon (D:7)
  5 black bears
  2 sky beasts
  An orc warrior (D:8)
  An ogre (D:6)
  A centaur (D:5)
  A phantom (D:6)
  3 kobold brigands
  Blork the orc (D:5)
  4 scorpions
  A gnoll sergeant (D:7)
  5 wights (D:6)
  3 killer bees
  An electric eel (D:8)
  3 jellies
  4 hounds
  7 orc priests
  A gnoll bouda (D:8)
  2 iguanas
  12 orc wizards
  6 adders
  6 gnolls
  3 white imps
  2 ufetubi (D:6)
  3 worms
  2 dart slugs (D:3)
  29 orcs
  9 ball pythons
  4 bats
  7 endoplasms
  3 giant cockroaches
  6 hobgoblins
  10 jackals
  4 quokkas
  A frilled lizard (D:1)
  4 goblins
  19 kobolds
  5 rats
185 creatures vanquished.

Notes
Turn   | Place    | Note
-------+----------+-------------------------------------------
     0 | D:5      | MrRokkomies the Armataur Delver began the quest for the
                  | Orb.
     0 | D:5      | Reached XP level 1. HP: 19/19 MP: 1/1
   172 | D:2      | Reached XP level 2. HP: 10/26 MP: 2/2
   698 | D:1      | Reached XP level 3. HP: 31/33 MP: 3/3
   712 | D:1      | Found a faded altar of an unknown god.
  1425 | D:2      | Found a hide-covered altar of Uskayaw.
  1431 | D:2      | Became a worshipper of Uskayaw the Reveller
  1811 | D:3      | Reached * piety under Uskayaw
  1815 | D:3      | Reached ** piety under Uskayaw
  1924 | D:3      | Found Ced Buluawk's Assorted Antiques.
  1932 | D:3      | Reached XP level 4. HP: 39/40 MP: 4/4
  2028 | D:3      | Reached skill level 1 in Invocations
  2074 | D:3      | Reached *** piety under Uskayaw
  2426 | D:4      | Found a runed translucent gate.
  2428 | D:4      | Found a runed translucent gate.
  2429 | D:4      | Noticed an ogre
  2572 | D:4      | Noticed Bnni's ghost (amateur OpBr)
  2576 | D:4      | Found a runed translucent gate.
  2705 | D:4      | Reached XP level 5. HP: 48/48 MP: 6/6
  3300 | D:5      | Noticed Blork the orc
  3304 | D:5      | Killed Blork the orc
  3305 | D:5      | Reached skill level 6 in Stealth
  3331 | D:5      | Reached XP level 6. HP: 55/55 MP: 7/7
  3372 | D:5      | Reached **** piety under Uskayaw
  3489 | D:5      | Reached XP level 7. HP: 64/64 MP: 9/9
  3506 | D:5      | Noticed Sigmund
  3534 | D:5      | Killed Sigmund
  3910 | D:5      | Reached skill level 5 in Fighting
  3948 | D:5      | Found Ypsoq's Antique Armour Shop.
  4061 | D:6      | Reached XP level 8. HP: 72/72 MP: 11/11
  4110 | D:6      | Found Tiuf's Assorted Antiques.
  4157 | D:6      | Reached skill level 5 in Short Blades
  4157 | D:6      | Reached skill level 7 in Stealth
  4510 | D:6      | Found a staircase to the Ecumenical Temple.
  4630 | D:6      | Reached skill level 5 in Invocations
  5634 | D:7      | Reached XP level 9. HP: 80/80 MP: 13/13
  7120 | D:8      | Reached skill level 8 in Stealth
  7964 | D:9      | HP: 3/84 [something (5)]
  7965 | D:9      | Slain by a vampire

Illustrated notes

Levels and vault maps discovered:
D:1:      dpeg_arrival_arbitrary_c, layout_loops_corners,
          shapermc_ecumenical_altar_starsandcircs
D:2:      layout_basic, basic_altar
D:3:      layout_rooms, serial_shops, shop
D:4:      layout_layer_cave, gammafunk_ghost_split, roderic_lattice_a
D:5:      layout_basic, serial_shops, shop, uniq_sigmund, uniq_blork_the_orc
D:6:      layout_basic, minmay_temple_entry_tees, serial_shops, shop
D:7:      layout_gridville, serial_park_tiny_1
D:8:      layout_basic, kennysheep_small_spiral
D:9:      layout_cave_pools, lemuel_tele_altar, lair_entry_dummy, serial_shops,
          shop_coins

Skill      XL: |  1  2  3  4  5  6  7  8  9 |
---------------+----------------------------+-----
Short Blades   | 2 3 4 5 6 |  6.7
Fighting       | 3 4 5 6 7 |  7.2
Invocations    | 1 2 3 4 5 6 |  6.8
Dodging        | 2 3 4 |  4.0
Stealth        | 6 7 8 |  8.0

Action                   |  1- 3 |  4- 6 |  7- 9 || total
-------------------------+-------+-------+-------++-------
Melee: Short sword       |    53 |       |       ||    53
       Tailslap          |    12 |     9 |    68 ||    89
       Dagger            |    49 |    66 |   511 ||   626
       Punch             |       |       |    10 ||    10
  Use: Scroll            |     5 |     1 |     9 ||    15
       Potion            |       |       |     6 ||     6
 Stab: Sleeping          |    14 |    12 |    12 ||    38
       Paralysed         |       |     2 |     7 ||     9
Armor: Leather armour    |    35 |    12 |    10 ||    57
       Robe              |       |       |   180 ||   180
       Skin              |       |       |    27 ||    27
Dodge: Dodged            |    51 |    19 |   182 ||   252

Table legend: (Time is in decaauts)
 A = Elapsed time spent in this place.
 B = Non-inter-level travel time spent in this place.
 C = Inter-level travel time spent in this place.
 D = Time resting spent in this place.
 E = Time spent auto-exploring this place.
 F = Levels seen in this place.
 G = Mean time per level.
                   A        B        C        D        E       F      G
               +--------+--------+--------+--------+--------+-----+--------+
         Total |   7801 |   7513 |    288 |    879 |   5441 |   9 |  866.8 |
       Dungeon |   7801 |   7513 |    288 |    879 |   5441 |   9 |  866.8 |
               +--------+--------+--------+--------+--------+-----+--------+

Top non-repeatable levels by time:
     D:8: 1377 daAuts
     D:6: 1243 daAuts
     D:4: 1143 daAuts
     D:7: 1091 daAuts
     D:1: 893 daAuts
     D:2: 827 daAuts
     D:5: 741 daAuts
     D:3: 390 daAuts
     D:9: 94 daAuts
